 Dungeon Crawl Stone Soup version 0.29.1-15-g9cfb28693d (webtiles) character file.

Game seed: 16716596018567197765

2313 Cheops the Carver (level 9, -3/61 HPs)
             Began as a Demonspawn Gladiator on Apr 10, 2023.
             Succumbed to a hornet's poison
             ... while paralysed by a hornet
             ... on level 7 of the Dungeon.
             The game lasted 00:15:42 (7026 turns).

Cheops the Carver (Demonspawn Gladiator)            Turns: 7026, Time: 00:15:43

Health: -3/61      AC:  8    Str: 11    XL:     9   Next: 18%
Magic:  9/9        EV:  2    Int: 13    God:
Gold:   313        SH:  0    Dex: 21    Spells: 8/8 levels left

rFire   . . .      SeeInvis .   a - +4 falchion of Absolution {drain, rN+ Str-4 Int+4 Stlth+}
rCold   . . .      Faith    .   (no shield)
rNeg    + + .      Spirit   .   r - +0 leather armour
rPois   .          Reflect  +   c - +0 helmet
rElec   .          Harm     .   E - +0 cloak
rCorr   .          Rampage  .   p - +2 pair of gloves
Will    .....                   (no boots)
Stlth   ++++......              I - amulet of reflection
HPRegen 0.20/turn               i - ring of positive energy
MPRegen 0.11/turn               (no ring)

@: paralysed, lethally poisoned (-3 -> -26), slowed
A: hooves 2, thin skeletal structure 1, demonic magic 1
a: no special abilities


You were on level 7 of the Dungeon.
You visited 2 branches of the dungeon, and saw 8 of its levels.

You collected 368 gold pieces.
You spent 55 gold pieces at shops.

Inventory:

Hand Weapons
 a - the +4 falchion of Absolution (weapon) {drain, rN+ Str-4 Int+4 Stlth+}
   (You found it on level 4 of the Dungeon)

   A truly terrible weapon, it drains the life of any living foe it strikes.
   Str:       It affects your strength (-4).
   Int:       It affects your intelligence (+4).
   rN:        It protects you from negative energy.
   Stlth:     It makes you more stealthy.
 b - a +3 dagger of venom
 y - a +0 long sword
Missiles
 d - 4 throwing nets
 e - a javelin
 q - 3 boomerangs (quivered)
Armour
 c - a +0 helmet (worn)
 p - a +2 pair of gloves (worn)
 r - a +0 leather armour (worn)
 E - a +0 cloak (worn)
Jewellery
 i - a ring of positive energy (left hand)
 v - an amulet of regeneration
 w - an amulet of magic regeneration
 A - a ring of ice
 I - an amulet of reflection (around neck)
Wands
 z - a wand of polymorph (15)
 C - a wand of mindburst (12)
 G - a wand of quicksilver (10)
Scrolls
 g - a scroll of enchant armour {unknown}
 h - 3 scrolls of teleportation
 l - 3 scrolls of poison {unknown}
 m - a scroll of amnesia {unknown}
 n - 3 scrolls of blinking {unknown}
 o - a scroll of fear {unknown}
 u - a scroll of acquirement {unknown}
 x - a scroll of summoning {unknown}
 B - 3 scrolls of immolation {unknown}
 F - a scroll of enchant weapon {unknown}
Potions
 f - 6 potions of curing
 j - a potion of haste
 k - a potion of brilliance
 s - 2 potions of magic
 t - 3 potions of might
 H - a potion of berserk rage {unknown}


   Skills:
 - Level 2.0 Fighting
 + Level 11.2 Long Blades
 - Level 1.7 Throwing
 - Level 2.6 Dodging
 - Level 3.0 Stealth


You had 8 spell levels left.
You didn't know any spells.
Your spell library contained the following spells:

 Spells                   Type           Power      Damage    Failure   Level
 Magic Dart               Conj           0%         1d3       38%         1
 Summon Small Mammal      Summ           0%         N/A       38%         1
 Searing Ray              Conj           0%         2d4       52%         2
 Call Canine Familiar     Summ           0%         N/A       77%         3
 Inner Flame              Hex/Fire       0%         N/A       77%         3
 Summon Guardian Golem    Hex/Summ       0%         N/A       77%         3
 Cause Fear               Hex            0%         N/A       99%         4
 Fulminant Prism          Conj/Hex       0%         3d6       99%         4
 Discord                  Hex            0%         N/A       100%        8


Dungeon Overview and Level Annotations

Branches:
Dungeon (7/15)             Temple (1/1) D:6

Altars:
Ashenzari
Cheibriados
Dithmenos
Fedhas
Gozag
Hepliaklqana
Okawaru
Qazlal
Ru
Trog
Vehumet
Wu Jian
Yredelemnul

Shops:
D:5 !


Innate Abilities, Weirdness & Mutations

You have hoof-like feet.
You have a somewhat thin skeletal structure. (Dex +2, Stealth+)
Spells you cast may paralyse adjacent enemies.


Message History

The hornet stings you!
* * * LOW HITPOINT WARNING * * *
You feel as though you will be slow longer.
You feel much better.
You feel very sick. The hornet stings you!
* * * LOW HITPOINT WARNING * * *
You feel as though you will be slow longer.
The hornet barely misses you.
You feel better. The hornet closely misses you. The hornet stings you.
* * * LOW HITPOINT WARNING * * *
You are poisoned.
You feel as though you will be slow longer.
Aiming: Quicksilver Bolt
Press: ? - help, Shift-Dir - straight line, f - hornet
Aim: a hornet (lightly wounded, 57% to hit)
The bolt of dispelling energy misses the hornet.
The bolt of dispelling energy hits the orc!!
You kill the orc!
You feel very sick.
You hear a shout!
The hornet stings you!
* * * LOW HITPOINT WARNING * * *
You are more poisoned.
You feel as though you will be slow longer.
The hornet stings you but does no damage.
You feel better. The hornet stings you.
* * * LOW HITPOINT WARNING * * *
You are lethally poisoned!
You suddenly lose the ability to move!
The hornet stings you.
* * * LOW HITPOINT WARNING * * *
You shrug off the repeated paralysis!
* * * LOW HITPOINT WARNING * * *
You feel very sick. The hornet stings you.
* * * LOW HITPOINT WARNING * * *
You are more poisoned.
You shrug off the repeated paralysis!
The hornet stings you but does no damage.
You die...

...........#
#.##
#####.#.#..#
#... #.#.#..#
#### .#.#..#
#.## # ..#..#
#... #.#.#..#
#.##
#.#...#..#
#.##
......!..#####
#...
..#####.)y@..#
####
........####.#
>..##.†.# #
+...# #...#
..... #....#
##...# #...#


You could see a hornet.

Vanquished Creatures
  Joseph (D:7)
  Sigmund (D:5)
  A water moccasin (D:5)
  A sky beast (D:6)
  A black bear (D:6)
  A centaur (D:6)
  2 ogres
  A phantom (D:7)
  A bullfrog (D:6)
  A gnoll sergeant (D:7)
  A necrophage (D:4)
  A scorpion (D:7)
  5 wights (D:6)
  2 jellies
  3 hounds
  An orc priest (D:3)
  An iguana (D:4)
  Crazy Yiuf (D:5)
  2 gnoll boudas
  2 orc wizards (D:3)
  20 gnolls
  9 adders
  A shadow imp (D:5)
  2 white imps
  An ufetubus (D:5)
  4 worms
  A dart slug (D:4)
  14 orcs
  5 ball pythons
  4 bats
  10 endoplasms
  5 giant cockroaches
  9 goblins
  7 hobgoblins
  4 jackals (D:2)
  7 kobolds
  5 quokkas
  4 frilled lizards
  5 rats
147 creatures vanquished.

Vanquished Creatures (others)
  18 fungi (D:6)
  A plant (D:1)
19 creatures vanquished.

Grand Total: 166 creatures vanquished

Notes
Turn   | Place    | Note
-------+----------+-------------------------------------------
     0 | D:1      | Cheops the Demonspawn Gladiator began the quest for the
                  | Orb.
     0 | D:1      | Reached XP level 1. HP: 16/16 MP: 1/1
    60 | D:1      | Reached skill level 3 in Long Blades
   260 | D:1      | Found a faded altar of an unknown god.
   268 | D:1      | Gained mutation: You have large cloven feet. [demonic
                  | ancestry]
   268 | D:1      | Reached XP level 2. HP: 22/22 MP: 2/2
   399 | D:1      | You fall into a shaft and drop 1 floor!
   860 | D:1      | Gained mutation: You have a somewhat thin skeletal
                  | structure. (Dex +2, Stealth+) [demonic ancestry]
   860 | D:1      | Reached XP level 3. HP: 24/27 MP: 3/3
  1256 | D:2      | Reached skill level 4 in Long Blades
  1875 | D:3      | Reached XP level 4. HP: 26/33 MP: 4/4
  2397 | D:3      | Reached skill level 5 in Long Blades
  2403 | D:3      | Reached XP level 5. HP: 35/38 MP: 5/5
  2437 | D:3      | Found a faded altar of an unknown god.
  2907 | D:3      | Found a broken altar of Ashenzari.
  3000 | D:3      | Found a stormy altar of Qazlal.
  3043 | D:3      | Found an ornate altar of the Wu Jian Council.
  3102 | D:4      | Noticed an ogre
  3105 | D:4      | Killed an ogre
  3106 | D:4      | Reached skill level 6 in Long Blades
  3106 | D:4      | Reached XP level 6. HP: 44/44 MP: 6/6
  3686 | D:4      | Reached skill level 7 in Long Blades
  3849 | D:4      | Identified the +4 falchion of Absolution {drain, rN+ Str-4
                  | Int+4 Stlth+}
  3979 | D:5      | Entered Level 5 of the Dungeon
  3987 | D:5      | Noticed Sigmund
  4031 | D:5      | Gained mutation: Spells you cast may paralyse adjacent
                  | enemies. [demonic ancestry]
  4031 | D:5      | Reached XP level 7. HP: 49/50 MP: 7/7
  4215 | D:5      | Killed Sigmund
  4216 | D:5      | Reached skill level 8 in Long Blades
  4379 | D:5      | Found an opulent altar of Gozag.
  4457 | D:5      | Found Cebyple's Distillery.
  4460 | D:5      | Bought a potion of heal wounds for 55 gold pieces
  4598 | D:5      | Found a runed translucent door.
  4599 | D:5      | Noticed Crazy Yiuf
  4787 | D:5      | Killed Crazy Yiuf
  4922 | D:6      | Reached skill level 9 in Long Blades
  4922 | D:6      | Reached XP level 8. HP: 56/56 MP: 8/8
  4962 | D:6      | Found a staircase to the Ecumenical Temple.
  4994 | D:6      | Found a blossoming altar of Fedhas.
  5204 | Temple   | Entered the Ecumenical Temple
  5608 | D:6      | Reached skill level 10 in Long Blades
  6430 | D:7      | Reached skill level 11 in Long Blades
  6548 | D:7      | Found an iron altar of Okawaru.
  6685 | D:7      | Gained mutation: You have hoof-like feet. [demonic
                  | ancestry]
  6685 | D:7      | Reached XP level 9. HP: 48/61 MP: 9/9
  6758 | D:7      | Noticed Joseph
  6772 | D:7      | Killed Joseph
  6996 | D:7      | Noticed a +0 short sword
  7024 | D:7      | Paralysed by a hornet for 3 turns
  7025 | D:7      | HP: 2/61 [poisoned by a hornet]
  7026 | D:7      | Succumbed to a hornet's poison

Illustrated notes

Levels and vault maps discovered:
D:1:      kennysheep_arrival_forest, layout_basic,
          shapermc_ecumenical_altar_acropolis
D:2:      layout_basic
D:3:      layout_loops_cross, nicolae_overflow_ecumenical_swirl,
          mainiacjoe_overflow_big_doors, wander_ebering_terrifying_dragon_lair
D:4:      layout_loops_ring, palyth_stone_intersect, minmay_pentangle
D:5:      layout_basic, grunt_temple_overflow_gold_and_silver, serial_shops,
          nicolae_shop_behind_doors, uniq_sigmund, uniq_crazy_yiuf_cottage
D:6:      layout_loops_ring, fedhas_bush_and_centaur_altar, temple_pool_b,
          serial_aquarium, aquarium_bridge_island_small
          [aquarium_subvault_small_open, aquarium_subvault_wall,
          aquarium_subvault_wall, aquarium_subvault_wall,
          aquarium_subvault_bridge], aquarium_window_corridor_3,
          aquarium_window_fake, aquarium_window_1, aquarium_window_2,
          aquarium_view_2e, aquarium_pool_S
D:7:      layout_basic, nicolae_uskayaw_en_pointe, kennysheep_okawaru_gauntlet,
          uniq_joseph
Temple:   hellmonk_temple_beads

Skill      XL: |  1  2  3  4  5  6  7  8  9 |
---------------+----------------------------+-----
Long Blades    | 3 4 5 6 7 9 11 | 11.2
Stealth        | 3 |  3.0
Fighting       | |  2.0
Throwing       | |  1.7
Dodging        | |  2.6

Action                   |  1- 3 |  4- 6 |  7- 9 || total
-------------------------+-------+-------+-------++-------
Melee: Long sword        |    88 |     2 |       ||    90
       Kick              |    14 |    46 |    61 ||   121
       Dagger            |       |   138 |       ||   138
       Falchion          |       |     4 |   193 ||   197
       Punch             |       |       |     2 ||     2
Throw: Boomerang         |       |     1 |       ||     1
Evoke: Wand              |       |       |     2 ||     2
  Use: Scroll            |       |     5 |     1 ||     6
       Potion            |       |       |     4 ||     4
 Stab: Sleeping          |     2 |    13 |     8 ||    23
Armor: Leather armour    |    26 |    33 |    44 ||   103
Dodge: Dodged            |    63 |    54 |    92 ||   209
Block: Other             |       |       |    13 ||    13
